 Dungeon Crawl Stone Soup version 0.21-a0-531-gacddea6 (webtiles) character file.

48 slep the Chopper (level 3, 0/18 HPs)
             Began as a Vine Stalker Gladiator on Dec 14, 2017.
             Slain by a gnoll
             ... wielding a +0 club
              (2 damage)
             ... on level 2 of the Dungeon.
             The game lasted 00:02:09 (767 turns).

slep the Chopper (Vine Stalker Gladiator)            Turns: 767, Time: 00:02:09

Health: 0/18       AC:  4    Str: 17    XL:     3   Next: 72%
Magic:  0/4        EV: 13    Int:  8    God:
Gold:   69         SH:  0    Dex: 15    Spells: 2/2 levels left

rFire    . . .     SeeInvis .   a - +0 war axe
rCold    . . .     Gourm    .   (no shield)
rNeg     . . .     Faith    .   b - +0 leather armour
rPois    .         Spirit   +   c - +0 helmet
rElec    .         Reflect  .   (no cloak)
rCorr    .         Harm     .   (no gloves)
MR       .....                  (no boots)
Stlth    +.........             (no amulet)
HPRegen  0.06/turn              (no ring)
MPRegen  0.09/turn              (no ring)

@: no status effects
A: fangs 2, magic shield, antimagic bite, no potion heal 3, rot immunity
a: no special abilities


You were on level 2 of the Dungeon.
You were not hungry.

You visited 1 branch of the dungeon, and saw 2 of its levels.

You collected 69 gold pieces.

Inventory:

Hand Weapons
 a - a +0 war axe (weapon)
Missiles
 d - 3 throwing nets (quivered)
Armour
 b - a +0 leather armour (worn)
 c - a +0 helmet (worn)
Scrolls
 i - a scroll of identify {unknown}
Potions
 e - a potion of invisibility {unknown}
 h - a potion of degeneration {unknown}
 j - 2 potions of resistance {unknown}
Comestibles
 f - 2 bread rations
 g - a meat ration


   Skills:
 + Level 2.0 Fighting
 + Level 3.6 Axes
 + Level 1.9 Throwing
 + Level 2.8 Dodging


You had 2 spell levels left.
You didn't know any spells.

Dungeon Overview and Level Annotations

Branches:
Dungeon (2/15)

Altars:


Innate Abilities, Weirdness & Mutations

You have extremely sharp teeth.
When hurt, damage is shared between your health and your magic reserves.
Your bite disrupts and absorbs the magic of your enemies.
Potions cannot restore your health.
You are immune to rotting.


Message History

The gnoll is severely wounded.
The gnoll closely misses you. The gnoll barely misses you.
The gnoll closely misses you. The gnoll hits you.
You hit the gnoll. Your bite misses the gnoll.
The gnoll is severely wounded.
You closely miss the gnoll. The gnoll hits you but does no damage.
The gnoll misses you. The gnoll barely misses you.
You closely miss the gnoll. You bite the gnoll. You drain its power.
The gnoll is severely wounded.
You barely miss the gnoll. The gnoll hits you with a club.
The gnoll closely misses you. The gnoll barely misses you.
You hit the gnoll but do no damage. You bite the gnoll, but do no damage.
The gnoll is severely wounded.
You hit the gnoll but do no damage. The gnoll hits you with a club.
The gnoll barely misses you.
The gnoll hits you from afar with a halberd!
Ouch! That really hurt!
* * * LOW HITPOINT WARNING * * *
The gnoll hits you with a club.
You die...

#... ..#.##. ## #..#
#.#.##. #.. #..#
#.#.##. #..#####..#
#...... #.........#
#......
#.##..#.#.#####....#.
#.##.##.#.......#.##.
#..g....#########.##.
####@#### #.##. #g#
#+### #g# #g. #.# #.#
#.. #..


You could see 4 gnolls.

Vanquished Creatures
  2 dart slugs (D:1)
  A leopard gecko (D:1)
  5 bats
  2 giant cockroaches (D:1)
  4 goblins (D:1)
  8 hobgoblins (D:1)
  6 jackals (D:1)
  2 kobolds (D:1)
  3 frilled lizards (D:1)
  4 rats (D:1)
37 creatures vanquished.

Notes
Turn   | Place    | Note
-------+----------+-------------------------------------------
     0 | D:1      | slep the Vine Stalker Gladiator began the quest for the Orb.
     0 | D:1      | Reached XP level 1. HP: 11/11 MP: 2/2
    56 | D:1      | Reached XP level 2. HP: 14/15 MP: 3/3
    85 | D:1      | Reached skill level 3 in Axes
   205 | D:1      | Reached XP level 3. HP: 11/18 MP: 4/4
   767 | D:2      | Slain by a gnoll

Vault maps used:
D:1:      dpeg_arrival_renting, kennysheep_small_spiral
D:2:      first_bread, grunt_ministairs_1

Skill      XL: |  1  2  3 |
---------------+----------+-----
Axes           | 3 |  3.6
Fighting       | 2 |  2.0
Throwing       | |  1.9
Dodging        | |  2.8

Action                   || total
-------------------------++-------
Melee: War axe           ||    77
       Bite              ||    21
Armor: Leather armour    ||    24
Dodge: Dodged            ||    54

Table legend:
 A = Spawn XP
 B = Non-spawn XP
 C = Spawn XP percentage of total XP
 D = Spawn monster count
 E = Non-spawn monster count
 F = Spawn count percentage of total count
 G = Total turns spent on level
                    A         B        C        D         E        F      G
               +---------+---------+-------+---------+---------+-------+---------
         Total |       0 |      69 |   0.0 |       0 |      37 |   0.0 |   767
               +---------+---------+-------+---------+---------+-------+---------
           D:1 |       0 |      68 |   0.0 |       0 |      36 |   0.0 |   726
           D:2 |       0 |       1 |   0.0 |       0 |       1 |   0.0 |    41
               +---------+---------+-------+---------+---------+-------+---------
